 Dungeon Crawl Stone Soup version 0.27-a0-1136-g0b992a5a9d (webtiles) character file.

Game seed: 15832286912608685692

48 Zeld the Skirmisher (level 3, -2/26 HPs)
             Began as an Octopode Fighter on May 4, 2021.
             Slain by a quokka (5 damage)
             ... on level 2 of the Dungeon.
             The game lasted 00:03:01 (1797 turns).

Zeld the Skirmisher (Octopode Fighter)              Turns: 1797, Time: 00:03:02

Health: -2/26      AC:  1    Str: 16    XL:     3   Next: 72%
Magic:  3/3        EV: 11    Int: 10    God:
Gold:   58         SH:  9    Dex: 11    Spells: 2/2 levels left

rFire    . . .     SeeInvis .   a - +0 war axe
rCold    . . .     Faith    .   b - +0 kite shield
rNeg     . . .     Spirit   .   (helmet restricted)
rPois    .         Reflect  .   (no amulet)
rElec    .         Harm     .   (no ring)
rCorr    .         Rampage  .   (no ring)
Will     .....                  (no ring)
Stlth    ++........             (no ring)
HPRegen  0.08/turn              (no ring)
MPRegen  0.08/turn              (no ring)
                                (no ring)
                                (no ring)

@: no status effects
A: almost no armour, amphibious, 8 rings, camouflage 1, gelatinous body 1,
(nimble swimmer 1), tentacles
a: no special abilities


You were on level 2 of the Dungeon.
You visited 1 branch of the dungeon, and saw 2 of its levels.

You collected 58 gold pieces.

Inventory:

Hand Weapons
 a - a +0 war axe (weapon)
Missiles
 e - 2 javelins
 f - 19 poisoned darts (quivered)
Armour
 b - a +0 kite shield (worn)
Scrolls
 g - a scroll of enchant armour {unknown}
Potions
 c - a potion of might
 d - a potion of lignification {unknown}


   Skills:
 - Level 3.4 Fighting
 - Level 2.6 Axes
 * Level 1.2 Throwing
 - Level 3.0 Dodging
 - Level 3.4 Shields


You had 2 spell levels left.
You didn't know any spells.
Your spell library was empty.

Dungeon Overview and Level Annotations

Branches:
Dungeon (2/15)

Altars:

Shops:
D:1 ?


Innate Abilities, Weirdness & Mutations

You cannot wear most types of armour.
You are amphibious.
You can wear up to eight rings at the same time.
Your skin changes colour to match your surroundings (Stealth+).
Your rubbery body absorbs attacks. (AC +1, EV +1)
((You are camouflaged near water. (Stealth+)))
You have tentacles for arms and can constrict up to eight enemies at once.


Message History

The goblin shoots a sling bullet.
You block the sling bullet.
A goblin comes into view. It is wielding a +0 dagger.
The goblin shoots a sling bullet.
The sling bullet closely misses you.
Found 9 gold pieces.
A bat comes into view.
The goblin shoots a sling bullet.
The sling bullet hits you.
A quokka comes into view.
The goblin unwields a +0 hunting sling.
The goblin wields a +0 club.
The goblin hits you with a +0 club.
You closely miss the goblin. Your grab misses the goblin.
You block the bat's attack. You block the goblin's attack.
You miss the goblin. You grab the goblin. You squeeze the goblin.
You kill the goblin!
The bat hits you but does no damage.
You barely miss the bat. Your grab misses the bat. The bat closely misses you.
You block the goblin's attack. The quokka barely misses you. The bat hits you.
You hit the bat. Your grab misses the bat.
The bat is moderately wounded.
You closely miss the quokka. You barely miss the goblin.
You block the bat's attack. The bat barely misses you.
The quokka barely misses you. The goblin hits you with a +0 dagger.
The bat completely misses you. The quokka bites you.
* * * LOW HITPOINT WARNING * * *
Your shield prevents you from hitting the bat.
Your grab misses the bat.
The bat is moderately wounded.
You miss the goblin. You miss the quokka. You block the bat's attack.
The bat barely misses you. The bat closely misses you.
The goblin closely misses you. You block the quokka's attack.
The goblin hits you with a +0 dagger.
* * * LOW HITPOINT WARNING * * *
The bat barely misses you. You block the goblin's attack.
You block the quokka's attack. The bat barely misses you.
The bat barely misses you.
You closely miss the bat. Your grab misses the bat. The bat barely misses you.
You barely miss the bat. Your grab misses the bat. The bat hits you.
* * * LOW HITPOINT WARNING * * *
The bat closely misses you. The bat barely misses you. The quokka bites you.
You die...

## #.........##.#
#.######..#####.#
#^# #..# ###.##
#.# #..# #.....
#.# #..# #.#.##
#.# ###..###.#.#
#.# #........#.#
#.####.#####.##.#
#@b....#####.##.#
#r###......)(...#
##g#
##.#####.####
#######..# #.#
#.#
.........####.##
#.#
######.........#
#.#
......)...###..#
#...##...#.##..#
.#. #..#..##..#


You could see a quokka, a goblin and a bat.

Vanquished Creatures
  A worm (D:2)
  A dart slug (D:1)
  3 bats (D:1)
  3 endoplasms
  A giant cockroach (D:1)
  2 hobgoblins (D:1)
  3 jackals (D:1)
  6 kobolds
  2 quokkas (D:1)
  A ball python (D:1)
  2 frilled lizards
  9 goblins
  5 rats
39 creatures vanquished.

Notes
Turn   | Place    | Note
-------+----------+-------------------------------------------
     0 | D:1      | Zeld the Octopode Fighter began the quest for the Orb.
     0 | D:1      | Reached XP level 1. HP: 16/16 MP: 1/1
   236 | D:1      | Reached XP level 2. HP: 21/21 MP: 2/2
   245 | D:1      | Found Dail's Magic Scroll Shop.
   854 | D:1      | Reached XP level 3. HP: 26/26 MP: 3/3
  1192 | D:1      | Found a faded altar of an unknown god.
  1704 | D:2      | Reached skill level 1 in Throwing
  1797 | D:2      | Slain by a quokka

Illustrated notes

Levels and vault maps discovered:
D:1:      kilobyte_arrival_exit_the_forest, layout_basic,
          basic_ecumenical_altar, serial_shops, shop, minmay_misc_feat_plants,
          minmay_unequal
D:2:      layout_loops_ring, minivault_26

Skill      XL: |  1  2  3 |
---------------+----------+-----
Throwing       | 1 |  1.2
Fighting       | |  3.4
Axes           | |  2.6
Dodging        | |  3.0
Shields        | |  3.4

Action                   || total
-------------------------++-------
Melee: War axe           ||    72
       Constrict         ||    22
       Tentacles         ||    13
 Stab: Sleeping          ||     8
       Distracted        ||     1
Armor: Skin              ||     3
Dodge: Dodged            ||    42
Block: Kite shield       ||    36

Table legend: (Time is in decaauts)
 A = Elapsed time spent in this place.
 B = Non-inter-level travel time spent in this place.
 C = Inter-level travel time spent in this place.
 D = Time resting spent in this place.
 E = Time spent auto-exploring this place.
 F = Levels seen in this place.
 G = Mean time per level.
                   A        B        C        D        E       F      G
               +--------+--------+--------+--------+--------+-----+--------+
         Total |   1839 |   1796 |     43 |      0 |   1535 |   2 |  919.5 |
       Dungeon |   1839 |   1796 |     43 |      0 |   1535 |   2 |  919.5 |
               +--------+--------+--------+--------+--------+-----+--------+

Top non-repeatable levels by time:
     D:1: 1492 daAuts
     D:2: 347 daAuts
